 Dungeon Crawl Stone Soup version 0.22-a0-303-g4a852b3 (webtiles) character file.

10678 grindst0ne the Fighter (level 11, -3/90 HPs)
             Began as a Mummy Fighter on Mar 27, 2018.
             Was an Initiate of Gozag.
             Slain by an orc warrior
             ... wielding a +1 war axe of chopping
              (5 damage)
             ... on level 10 of the Dungeon.
             The game lasted 00:22:54 (13287 turns).

grindst0ne the Fighter (Mummy Fighter)             Turns: 13287, Time: 00:22:55

Health: -3/90      AC: 17    Str: 23    XL:     11   Next: 39%
Magic:  0/13       EV:  8    Int:  8    God:    Gozag
Gold:   1862       SH:  8    Dex: 11    Spells: 10/10 levels left

rFire    . . .     SeeInvis +   f - +2 dagger (venom)
rCold    . . .     Gourm    .   o - +2 buckler
rNeg     + + +     Faith    .   w - +0 plate armour
rPois    ∞         Spirit   +   d - +2 helmet
rElec    .         Reflect  .   i - scarf {repulsion}
rCorr    .         Harm     .   (no gloves)
MR       +....                  (no boots)
Stlth    ..........             s - amulet of guardian spirit
HPRegen  0.25/turn              u - ring of see invisible
MPRegen  0.13/turn              x - ring of fire

@: repel missiles
A: no food or potions, fire vulnerability, cold resistance 1, negative energy
resistance 3, torment resistance, unbreathing
a: Potion Petition, Call Merchant, Bribe Branch, Renounce Religion


You were on level 10 of the Dungeon.
You worshipped Gozag.
Gozag was most pleased with you.
You were not hungry.

You visited 2 branches of the dungeon, and saw 11 of its levels.

You collected 1923 gold pieces.
You paid 61 gold pieces to Gozag.

Inventory:

Hand Weapons
 a - a +0 war axe
 b - a +0 morningstar
 f - a +2 dagger of venom (weapon)
Missiles
 t - 5 poisoned tomahawks (quivered)
Armour
 c - a +0 shield
 d - a +2 helmet (worn)
 i - a scarf of repulsion (worn)
 o - a +2 buckler (worn)
 w - a +0 plate armour (worn)
Jewellery
 r - a +2 amulet of reflection
 s - an amulet of guardian spirit (around neck)
 u - a ring of see invisible (left hand)
 x - a ring of fire (right hand)
Wands
 q - a wand of flame (22)
 v - a wand of paralysis (3)
 z - a wand of acid (12)
Scrolls
 e - 7 scrolls of teleportation
 g - 5 scrolls of remove curse
 h - 3 scrolls of immolation
 j - 2 scrolls of blinking
 k - a scroll of amnesia
 l - 3 scrolls of fog
 m - a scroll of fear
 n - 2 scrolls of noise
 p - 2 scrolls of enchant weapon
 y - 4 scrolls of identify
 A - 4 scrolls of magic mapping


   Skills:
 - Level 10.0 Fighting
 - Level 1.5(2.1) Axes
 + Level 2.0(2.3) Maces & Flails
 - Level 8.4 Armour
 + Level 3.1 Dodging
 + Level 9.1 Shields
 + Level 3.1 Evocations


You had 10 spell levels left.
You didn't know any spells.

Dungeon Overview and Level Annotations

Branches:
Dungeon (10/15)            Temple (1/1) D:5            Lair (0/6) D:8
    Orc (0/2) D:10

Altars:
Ashenzari
Cheibriados
Dithmenos
Elyvilon
Fedhas
Gozag
Hepliaklqana
Kikubaaqudgha
Makhleb
Nemelex Xobeh
Okawaru
Qazlal
Ru
Sif Muna
Trog
Uskayaw
Vehumet
Wu Jian
Xom
Yredelemnul
Zin
The Shining One

Annotations:
D:3 exclusion: downstairs
D:8 Torax's ghost, novice VSNe


Innate Abilities, Weirdness & Mutations

You do not eat or drink.
Your flesh is vulnerable to fire.
You are immune to poison.
Your flesh is cold resistant. (rC+)
You are immune to negative energy. (rN+++)
You are immune to unholy pain and torment.
You can survive without breathing.


Message History

The orc warrior is heavily wounded.
The orc warrior hits you with a war axe of chopping!!
You barely miss the orc warrior.
The orc warrior is heavily wounded.
The orc warrior barely misses you.
You hit the orc warrior but do no damage.
The orc warrior looks as sick as possible!
The orc warrior is heavily wounded.
The orc warrior hits you with a war axe of chopping!
* * * LOW HITPOINT WARNING * * *
x2 You hit the orc warrior but do no damage.
The orc warrior looks as sick as possible!
The orc warrior is severely wounded.
You hit the orc warrior but do no damage.
The orc warrior looks as sick as possible!
The orc warrior is severely wounded.
The orc warrior hits you with a war axe of chopping!
* * * LOW HITPOINT WARNING * * *
You die...
Your body crumbles into a pile of gold.

#.....#.#.#.#.........# #
#...).....#.##.######.# #
#.#.......#....# #.## #
#.#.......###########..# #
####.#....................# #
.........>..#..o.o.g...##.#######
..#.....o..##.########.#.........
#(#....o...##.########.#.########
..........###.#<@oK....#........#
....(.....# #.####o.......#.###.#
..........# #.# #........#.# #.#
..........# #.####..###.....# #.#
......#.#+###.........#..######.#
......#.......####....#.........#
%.....#.......# ##.....#########
....#+#.......# #.#.###
#.............# #.#...#


You could see an orc warrior, a big kobold and an orc.

Vanquished Creatures
  A two-headed ogre (D:9)
  A queen bee (D:10)
  2 trolls
  The ghost of medis the Charmwright, an amateur HaSk of Ashenzari (D:4)
  3 hippogriffs
  A spriggan (D:7)
  10 yaks (D:9)
  3 hungry ghosts
  An acid dragon (D:8)
  A water moccasin (D:8)
  3 porcupines (D:8)
  Duvessa (D:6)
  3 ice beasts
  3 orc warriors
  2 phantoms (D:7)
  2 sky beasts
  An eye of draining (D:10)
  4 ogres
  5 necrophages
  2 black bears
  5 centaurs
  6 big kobolds
  8 bullfrogs
  2 wyvern zombies
  Dowan (D:6)
  5 scorpions
  21 killer bees
  A crimson imp (D:9)
  2 centaur zombies (D:6)
  2 bullfrog zombies
  2 howler monkeys
  A quasit (D:10)
  7 hounds
  3 jellies
  An orc priest (D:6)
  3 orc wizards
  4 iguanas
  A bullfrog skeleton (D:4)
  A gnoll shaman (D:10)
  Natasha (D:2)
  6 worker ants
  A hound zombie (D:10)
  4 hound skeletons
  2 worker ant zombies
  7 gnolls
  17 adders
  2 shadow imps
  2 oozes
  6 worms
  2 dart slugs (D:1)
  4 leopard geckos
  27 orcs
  6 giant cockroaches
  6 goblins
  12 hobgoblins
  7 jackals
  32 kobolds
  3 quokkas
  A ball python (D:8)
  6 bats
  7 frilled lizards
  A jackal skeleton (D:4)
  A leopard gecko zombie (D:6)
  10 rats
299 creatures vanquished.

Vanquished Creatures (others)
  An orc wizard (D:9)
  3 bushes (D:6)
  26 fungi (D:8)
  11 plants
41 creatures vanquished.

Grand Total: 340 creatures vanquished

Notes
Turn   | Place    | Note
-------+----------+-------------------------------------------
     0 | D:1      | grindst0ne the Mummy Fighter began the quest for the Orb.
     0 | D:1      | Reached XP level 1. HP: 18/18 MP: 1/1
   332 | D:1      | Reached XP level 2. HP: 23/24 MP: 2/2
   941 | D:2      | Reached XP level 3. HP: 29/29 MP: 3/3
  1310 | D:2      | Reached XP level 4. HP: 37/37 MP: 4/4
  1401 | D:2      | Noticed Natasha
  1406 | D:2      | Killed Natasha
  1661 | D:3      | Reached skill level 4 in Fighting
  2003 | D:3      | Reached XP level 5. HP: 41/42 MP: 5/5
  2553 | D:4      | Noticed an ogre
  2939 | D:4      | Reached XP level 6. HP: 43/49 MP: 6/6
  3041 | D:4      | Noticed a hungry ghost
  3050 | D:4      | Noticed medis's ghost (amateur HaSk)
  3117 | D:4      | Killed a hungry ghost
  3117 | D:4      | Reached skill level 5 in Fighting
  3484 | D:4      | Reached XP level 7. HP: 56/56 MP: 7/7
  3604 | D:4      | Killed medis's ghost
  4031 | D:5      | Entered Level 5 of the Dungeon
  4167 | D:5      | Found a staircase to the Ecumenical Temple.
  4190 | Temple   | Entered the Ecumenical Temple
  4314 | Temple   | Became a worshipper of Gozag Ym Sagoz the Greedy
  4427 | D:5      | Reached skill level 6 in Fighting
  4427 | D:5      | Reached skill level 5 in Armour
  4518 | D:5      | Reached skill level 5 in Shields
  4762 | D:5      | Reached XP level 8. HP: 50/64 MP: 8/8
  5619 | D:6      | Noticed Duvessa
  5619 | D:6      | Noticed Dowan
  5634 | D:6      | Killed Duvessa
  5642 | D:6      | Killed Dowan
  5642 | D:6      | Reached skill level 7 in Fighting
  5906 | D:6      | Found a blossoming altar of Fedhas.
  6146 | D:6      | Reached XP level 9. HP: 67/72 MP: 9/9
  6981 | D:7      | Reached skill level 8 in Fighting
  7955 | D:7      | Found a sacrificial altar of Ru.
  8406 | D:8      | Reached skill level 9 in Fighting
  8406 | D:8      | Reached XP level 10. HP: 65/83 MP: 8/10
  8679 | D:8      | Found a staircase to the Lair.
  9097 | D:8      | Noticed Torax's ghost (novice VSNe)
 10569 | D:9      | Noticed a two-headed ogre
 10586 | D:9      | Killed a two-headed ogre
 10586 | D:9      | Reached skill level 10 in Fighting
 10891 | D:9      | Reached skill level 1 in Dodging
 10891 | D:9      | Reached skill level 1 in Evocations
 11373 | D:9      | Reached XP level 11. HP: 34/90 MP: 6/12
 11801 | D:9      | Got a twisted long sword
 11802 | D:9      | Identified the +4 long sword "Pihir" {slice, *Noise rN+ MR+} (You found it on level 9 of the Dungeon)
 11878 | D:10     | Entered Level 10 of the Dungeon
 12347 | D:10     | Reached skill level 1 in Maces & Flails
 12922 | D:10     | Found a staircase to the Orcish Mines.
 13287 | D:10     | HP: 2/90 [orc warrior/war axe of chopping (13)]
 13287 | D:10     | Slain by an orc warrior

Vault maps used:
D:1:      kennysheep_arrival_seaside
D:2:      palyth_stone_intersect, uniq_natasha
D:3:      minivault_5, kennysheep_generic_room_15
D:4:      first_ration
D:5:      minmay_temple_entry_glassed_door, eino_small_chamber_without_monster
D:6:      fedhas_altar_decomposition, uniq_duvessa
D:7:      nicolae_ru_path_of_blood, the_bakery, kennysheep_path_1,
          minmay_door_square
D:8:      due_lair_maze_entry_diamond
D:10:     kennysheep_orc_monster_closet_entryway, minivault_7
Temple:   kilobyte_greek_temple

Skill      XL: |  1  2  3  4  5  6  7  8  9 10 11 |
---------------+----------------------------------+-----
Armour         | 3 4 5 6 7 8 |  8.4
Shields        | 3 4 5 6 7 8 9 |  9.1
Fighting       | 4 5 6 7 9 10 | 10.0
Dodging        | 1 3 |  3.1
Evocations     | 1 3 |  3.1
Maces & Flails | 2 |  2.0
Axes           | |  1.5

Action                   |  1- 3 |  4- 6 |  7- 9 | 10-12 || total
-------------------------+-------+-------+-------+-------++-------
Melee: War axe           |    52 |       |       |       ||    52
       Dagger            |    72 |   311 |   826 |   809 ||  2018
Throw: Tomahawk          |       |     4 |     3 |       ||     7
Evoke: Wand              |       |     1 |       |     2 ||     3
  Use: Scroll            |       |       |     8 |     3 ||    11
 Stab: Paralysed         |       |       |       |     7 ||     7
       Distracted        |       |       |       |     4 ||     4
Armor: Scale mail        |    54 |   105 |    79 |       ||   238
       Plate armour      |       |       |   323 |   464 ||   787
Dodge: Dodged            |    27 |    79 |   196 |   295 ||   597
       Deflected         |     1 |     2 |     5 |    11 ||    19
Block: Shield            |    62 |   122 |    82 |       ||   266
       Buckler           |       |       |   186 |   324 ||   510

Table legend:
 A = Spawn XP
 B = Non-spawn XP
 C = Spawn XP percentage of total XP
 D = Spawn monster count
 E = Non-spawn monster count
 F = Spawn count percentage of total count
 G = Total turns spent on level
                    A         B        C        D         E        F      G
               +---------+---------+-------+---------+---------+-------+---------
         Total |       0 |   15255 |   0.0 |       0 |     300 |   0.0 | 13287
               +---------+---------+-------+---------+---------+-------+---------
           D:1 |       0 |      38 |   0.0 |       0 |      20 |   0.0 |   897
           D:2 |       0 |     108 |   0.0 |       0 |      27 |   0.0 |   753
           D:3 |       0 |      85 |   0.0 |       0 |      29 |   0.0 |  1344
           D:4 |       0 |     791 |   0.0 |       0 |      16 |   0.0 |  1084
           D:5 |       0 |     491 |   0.0 |       0 |      21 |   0.0 |   762
           D:6 |       0 |    1432 |   0.0 |       0 |      27 |   0.0 |  1746
           D:7 |       0 |    1974 |   0.0 |       0 |      40 |   0.0 |  1243
           D:8 |       0 |    2277 |   0.0 |       0 |      27 |   0.0 |  2106
           D:9 |       0 |    4511 |   0.0 |       0 |      40 |   0.0 |  2008
          D:10 |       0 |    3548 |   0.0 |       0 |      53 |   0.0 |  1177
               +---------+---------+-------+---------+---------+-------+---------
